 Dungeon Crawl Stone Soup version 0.17-a0-2171-ga91b4ec (webtiles) character file.

225 Borgoz the Ruffian (level 6, -5/53 HPs)
             Began as a Ghoul Monk on Oct 25, 2015.
             Killed from afar by an orc wizard (9 damage)
             ... with a puff of flame
             ... on level 4 of the Dungeon.
             The game lasted 00:05:20 (2300 turns).

Borgoz the Ruffian (Ghoul Monk)                     Turns: 2300, Time: 00:05:20

Health: -5/53      AC:  2    Str: 15    XL:     6   Next: 1%
Magic:  5/5        EV: 19    Int: 10    God:
Gold:   183        SH:  0    Dex: 18    Spells: 0 memorised, 5 levels left

rFire  . . .     SeeInvis .       - Unarmed
rCold  + . .     Clarity  .     a - +0 robe
rNeg   + + +     SustAt   .     (no shield)
rPois  ∞         Gourm    .     (no helmet)
rElec  .         Spirit   .     (no cloak)
rCorr  .         Warding  .     (no gloves)
rMut   .         Stasis   .     (no boots)
MR     .....                    (no amulet)
Stlth  ++++......               (no ring)
                                (no ring)

@: brilliant, agile, rotting, not resistant to hostile enchantments, stealthy
A: rotting body, claws 1, carnivore 3, cold resistance 1, negative energy
resistance 3, slow regeneration 1, torment resistance, unbreathing
a: no special abilities


You were on level 4 of the Dungeon.
You were not hungry.

You visited 1 branch of the dungeon, and saw 4 of its levels.

You collected 183 gold pieces.

Inventory:

Armour
 a - a +0 robe (worn)
 k - a +0 buckler
Wands
 m - a wand of teleportation (3)
Scrolls
 c - a scroll of amnesia {unknown}
 d - 5 scrolls of identify {unknown}
 e - 2 scrolls of teleportation {unknown}
 g - a scroll of random uselessness {unknown}
 n - a scroll of enchant armour {unknown}
Potions
 f - a potion of lignification {unknown}
 h - a potion of brilliance
 i - 2 potions of curing
Comestibles
 b - 5 meat rations
 l - 2 chunks of flesh


   Skills:
 + Level 4.7 Fighting
 + Level 3.6 Dodging
 + Level 4.0 Stealth
 + Level 5.3 Unarmed Combat


You had 5 spell levels left.
You didn't know any spells.

Dungeon Overview and Level Annotations

Branches:
Dungeon (4/15)
 Temple: D:4-7

Altars:
Nemelex Xobeh
Zin
The Shining One


Innate Abilities, Weirdness & Mutations

Your body is rotting away.
You thrive on raw meat.
You are immune to poison.
You have sharp fingernails.
You are carnivorous and can eat meat at any time.
Your flesh is cold resistant.
You are immune to negative energy.
You regenerate slowly when monsters are visible.
You are immune to unholy pain and torment.
You can survive without breathing.


Message History

You hear some strange, mumbled words.
A puff of flame appears from out of thin air!
The puff of flame misses you. The orc misses you.
You hear some strange, mumbled words.
A puff of flame appears from out of thin air!
The puff of flame hits you!
* * * LOW HITPOINT WARNING * * *
Drink which item? (? for menu, Esc to quit)
It was a potion of brilliance.
You feel clever all of a sudden. Something hits you.
* * * LOW HITPOINT WARNING * * *
The orc misses you.
Drink which item? (? for menu, Esc to quit)
It was a potion of agility.
You feel agile all of a sudden.
You hear some strange, mumbled words.
A puff of flame appears from out of thin air!
The puff of flame hits you!
You die...

#......
#.##.#####.#
............
..#..#####. ###
.##.<# # #..
.##..# #.#.#
.....# #.#(#######
..#.## #oo{.......
(.#.## # ####@#
.....# #.##....#
#.#..#####....#..#
#.#..............#
#.##.#########.###
.........# #%#
#.##.###.# #.#
#.##.# #.# #.#
#.##.# #.# #.#


You could see an orc priest and an orc.

Vanquished Creatures
  Jessica (D:2)
  An orc wizard (D:4)
  5 adders
  5 gnolls
  3 worms (D:2)
  6 giant geckos
  An orc (D:3)
  2 giant cockroaches
  9 goblins
  3 hobgoblins
  7 jackals
  3 quokkas (D:2)
  2 ball pythons
  3 bats
  5 giant newts
  6 kobolds
  8 rats
70 creatures vanquished.

Notes
Turn   | Place    | Note
--------------------------------------------------------------
     0 | D:1      | Borgoz the Ghoul Monk began the quest for the Orb.
     0 | D:1      | Reached XP level 1. HP: 19/19 MP: 0/0
    88 | D:1      | Reached XP level 2. HP: 17/26 MP: 1/1
   274 | D:1      | Reached XP level 3. HP: 25/31 MP: 2/2
   721 | D:2      | Noticed Jessica
   766 | D:2      | Found a glowing golden altar of the Shining One.
  1008 | D:2      | Found a sparkling altar of Nemelex Xobeh.
  1016 | D:2      | Reached XP level 4. HP: 38/40 MP: 3/3
  1137 | D:2      | Killed Jessica
  1137 | D:2      | Reached skill level 5 in Unarmed Combat
  1384 | D:3      | Found a sparkling altar of Nemelex Xobeh.
  1400 | D:2      | Reached XP level 5. HP: 23/46 MP: 4/4
  2203 | D:3      | Found a glowing silver altar of Zin.
  2285 | D:4      | Reached XP level 6. HP: 48/53 MP: 5/5
  2300 | D:4      | Killed from afar by an orc wizard

Vault maps used:
D:1:      dpeg_chamrin_arrival_tetris, kennysheep_nondescript
D:2:      old_standard_altar, lemuel_doored_altar, uniq_jessica
D:3:      lemuel_coloured_pillars_altar, minmay_misc_feat_plants, nemelex_deck
D:4:      uniq_natasha

Action                   |  1- 3 |  4- 6 || total
-------------------------+-------+-------++-------
Melee: Unarmed           |   101 |   149 ||   250
  Use: Potion            |       |     3 ||     3
 Stab: Sleeping          |     6 |     2 ||     8
  Eat: Chunk             |    13 |    18 ||    31
